 Dungeon Crawl Stone Soup version 0.19-a0-1025-g778f431 (webtiles) character file.

203900 wtf the Elven Blade (level 18, -3/126 HPs)
             Began as a High Elf Fighter on July 27, 2016.
             Was the Champion of Nemelex Xobeh.
             Killed from afar by a greater naga (33 damage)
             ... with an orb of energy
             ... on level 4 of the Snake Pit on July 28, 2016.
             The game lasted 01:30:09 (37228 turns).

wtf the Elven Blade (High Elf Fighter)             Turns: 37228, Time: 01:30:10

Health: -3/126     AC: 39    Str: 26    XL:     18   Next: 37%
Magic:  25/25      EV: 21    Int:  9    God:    Nemelex Xobeh [******]
Gold:   1059       SH: 27    Dex: 22    Spells: 1 memorised, 15 levels left

rFire  + . .     SeeInvis +     s - +4 scimitar (flame)
rCold  + . .     Gourm    .     P - +8 chain mail of Lyocs {rF+ Str+6 Dex-4 Slay+3}
rNeg   + . .     Faith    .     h - +6 large shield of Ignorance {rN+ AC+4 Int-6 *Curse}
rPois  +         Spirit   .     j - +2 hat {SInv}
rElec  .         Dismiss  .     u - +2 cloak {+Inv}
rCorr  .         Reflect  .     t - +2 pair of gloves
SustAt .         Harm     .     k - +1 pair of boots of the Alphagorgon {+Inv MR+ Dex+2}
MR     ++...                    p - amulet of regeneration
Stlth  ..........               Q - ring of poison resistance
                                y - +3 ring of dexterity

@: agile, lethally poisoned (-3 -> -3), very resistant to hostile enchantments,
extremely unstealthy
A: beak, rough black scales 1, cold resistance 1
a: Triple Draw, Deal Four, Stack Five, Renounce Religion, Evoke Invisibility


You were on level 4 of the Snake Pit.
You worshipped Nemelex Xobeh.
Nemelex Xobeh was exalted by your worship.
You were full.

You visited 6 branches of the dungeon, and saw 32 of its levels.
You also visited: Ossuary and Ice Cave.

You collected 3382 gold pieces.
You spent 2323 gold pieces at shops.

Inventory:

Hand Weapons
 s - a +4 scimitar of flaming (weapon)
 C - a +0 scimitar of slicing
Armour
 h - the +6 large shield of Ignorance (worn) {rN+ AC+4 Int-6 *Curse}
   (You bought it in a shop on level 2 of the Orcish Mines)

   It affects your AC (+4).
   It affects your intelligence (-6).
   It protects you from negative energy.
   It may re-curse itself when equipped.
 j - a +2 hat of see invisible (worn)
 k - the +1 pair of boots of the Alphagorgon (worn) {+Inv MR+ Dex+2}
   (You found it in an ice cave)

   It affects your dexterity (+2).
   It affects your resistance to hostile enchantments.
   It lets you turn invisible.
 t - a +2 pair of gloves (worn)
 u - a +2 cloak of invisibility (worn)
 P - the +8 chain mail of Lyocs (worn) {rF+ Str+6 Dex-4 Slay+3}
   (You found it on level 10 of the Dungeon)

   It affects your strength (+6).
   It affects your dexterity (-4).
   It affects your accuracy and damage with ranged weapons and melee attacks
   (+3).
   It protects you from fire.
Jewellery
 p - an amulet of regeneration (around neck)
 y - a +3 ring of dexterity (left hand)
 L - an uncursed ring of resist corrosion
 Q - a ring of poison resistance (right hand)
 R - an uncursed ring of flight {unknown}
Wands
 I - a wand of teleportation (3/9)
Scrolls
 e - 6 scrolls of fear
 l - 14 scrolls of teleportation
 o - 6 scrolls of remove curse
 q - 6 scrolls of fog
 w - 3 scrolls of blinking
 z - 2 scrolls of amnesia
 F - 4 scrolls of silence
 K - 5 scrolls of recharging
 T - 5 scrolls of identify
 X - 2 scrolls of magic mapping
Potions
 d - 2 potions of might
 f - 12 potions of curing
 g - 5 potions of heal wounds
 m - a potion of flight
 n - 4 potions of agility
 r - 4 potions of haste
 x - 4 potions of brilliance
 D - 4 potions of cure mutation
 H - 5 potions of cancellation
Miscellaneous
 a - a lamp of fire (inert)
 b - an ornate deck of summoning {drawn: 2}
 c - a legendary deck of destruction {drawn: 9}
 i - a legendary deck of destruction
 E - a legendary deck of escape
 G - an ornate deck of summoning
 J - an ornate deck of summoning {drawn: 2}
 M - an ornate deck of destruction
 N - a legendary deck of destruction
 O - an ornate deck of summoning
 U - an ornate deck of summoning
 V - a fan of gales
 W - an ornate deck of summoning
 Y - an ornate deck of destruction
 Z - a legendary deck of escape
Comestibles
 v - 9 bread rations
 A - 49 fruits
 B - 13 royal jellies


   Skills:
 + Level 12.0 Fighting
 * Level 21.3 Long Blades
   Level 3.7 Maces & Flails
 + Level 10.9 Armour
 + Level 12.4 Dodging
 + Level 13.2 Shields
 * Level 9.0 Invocations
 - Level 5.3 Evocations


You had 15 spell levels left.
You knew the following spells:

 Your Spells              Type           Power        Failure   Level  Hunger
a - Blink                 Tloc           N/A          100%        2    ###....


Dungeon Overview and Level Annotations

Branches:
Dungeon (15/15)            Temple (1/1) D:4            Lair (6/6) D:11
  Swamp (4/4) Lair:4        Snake (4/4) Lair:3        Slime (0/5) Lair:6
    Orc (2/2) D:10            Elf (0/3) Orc:2        Vaults (0/5) D:13
 Depths (0/5) D:15

Altars:
Ashenzari
Cheibriados
Dithmenos
Elyvilon
Fedhas
Gozag
Hepliaklqana
Kikubaaqudgha
Makhleb
Nemelex Xobeh
Okawaru
Pakellas
Qazlal
Ru
Sif Muna
Trog
Uskayaw
Vehumet
Xom
Yredelemnul
Zin
The Shining One
Beogh
Jiyva

Shops:
D:6 }   D:8 (   D:9 (   D:11 ?   D:15 ?   Orc:2 }?[:

Portals:
Trove: D:10 (give 4 potions of resistance)


Innate Abilities, Weirdness & Mutations

You have a beak for a mouth.
You are partially covered in rough black scales. (AC +4, Dex -1)
Your flesh is cold resistant. (rC+)


Message History

The greater naga seems to speed up.
Things that are here:
a spear; a robe You feel sick.
A greater naga is nearby!
Unknown command.
The greater naga gestures at you while chanting.
The orb of energy hits you! The greater naga casts a spell at you.
The orb of energy hits you!
* * * LOW HITPOINT WARNING * * *
You feel sick.
Unknown command.
Unknown command.
Evoke which item? (* to show all) (? for menu, Esc to quit)
You draw a card...
It is the Illusion.
Suddenly you stand beside yourself.
The greater naga points at you and mumbles some strange words.
The orb of energy hits you!
You die...
Your body disappears without a glow.

#)).....≈§.... #......#.
#.......≈≈...... #......#.
#..()..§≈≈≈N... #......#.
####(#≈≈§≈≈≈#'####.†......
#..(.§§§§§§.N..#.........
##..(≈§§§≈§...##.........
##)))≈§≈§...##...≈≈≈##..
##...§@§..##..#.§§§##..
##...@..##.....§§###..
########.......####..
..............# ....
######+##.....# ..[.
..............+ ....
..............#.....
..............≈..... .
.........#≈≈≈≈######
...######)##..)......'


You could see a greater naga and the friendly wtf's illusion.

Vanquished Creatures
  A hellephant (Snake:3)
  Rupert (Lair:4)
  An Ice Fiend (IceCv)
  Kirke (Swamp:3)
  Frances (Swamp:2)
  A tengu reaver (D:13)
  A storm dragon (Swamp:2)
  2 greater nagas (Snake:4)
  A fire giant (Snake:3)
  A spark wasp (Swamp:2)
  2 fire dragons (D:15)
  Fannar (Orc:1)
  4 hydras
  4 naga warriors
  3 centaur warriors (D:13)
  8 alligators
  8 anacondas
  A catoblepas (Lair:6)
  2 ghost crabs
  12 naga sharpshooters
  Urug (Orc:1)
  An orc high priest (Orc:2)
  A tengu warrior (D:13)
  7 death yaks (Lair:6)
  6 shock serpents
  The ghost of Ajdolov the Carver, a novice MiMo of Dithmenos (D:8)
  Nergalle (Lair:2)
  4 salamander mystics
  A deep troll (D:14)
  5 spriggan druids
  2 unseen horrors
  4 swamp dragons
  4 naga ritualists
  2 lindwurms (Snake:4)
  6 hill giants
  A wolf spider zombie (D:14)
  Pikel (D:9)
  5 ugly things
  2 mana vipers (Snake:4)
  An orc knight (D:13)
  5 griffons
  3 cyclopes
  10 orc sorcerers
  A manticore (D:15)
  3 deep elf magi (Orc:1)
  9 salamanders
  8 elephants
  A moth of wrath (Snake:4)
  An oklob plant (Lair:5)
  32 black mambas
  2 guardian serpents
  A gargoyle (D:14)
  10 naga magi
  An ice statue (IceCv)
  Joseph (D:7)
  A torpor snail (Lair:6)
  A yaktaur (Snake:3)
  2 rime drakes
  16 spiny frogs
  4 freezing wraiths (IceCv)
  5 komodo dragons
  3 golden dragon simulacra (IceCv)
  A tengu conjurer (D:14)
  5 ice devils (IceCv)
  A polar bear (Lair:3)
  9 trolls
  3 giant leeches
  Prince Ribbit (D:7)
  20 blink frogs
  A two-headed ogre (D:13)
  A boulder beetle (Lair:6)
  5 bog bodies
  18 slime creatures
  6 spriggans
  A vampire (D:10)
  5 shadows
  Sigmund (D:2)
  Eustachio (D:5)
  2 wyverns
  2 dire elephant simulacra (IceCv)
  2 centaur simulacra
  17 humans
  33 yaks
  Grum (D:11)
  2 hungry ghosts
  A steam dragon (D:11)
  4 hogs (Swamp:3)
  7 hippogriffs
  3 basilisks
  5 vampire mosquitoes
  A harpy simulacrum (IceCv)
  4 iron troll simulacra (IceCv)
  18 swamp worms
  16 water moccasins
  A warg (Orc:2)
  38 nagas
  4 mottled dragons
  7 hydra simulacra (IceCv)
  A giant eyeball (Snake:3)
  10 porcupines
  8 swamp drakes
  An eye of draining (D:11)
  24 orc warriors
  5 sky beasts
  An alligator simulacrum (IceCv)
  3 ice beasts
  4 black bears
  A slave (D:9)
  8 wasps
  An ettin simulacrum (IceCv)
  A necrophage (D:6)
  23 ogres
  A phantom (D:7)
  15 wolves
  16 centaurs
  15 crocodiles
  Blork the orc (D:5)
  A wyvern zombie (D:13)
  12 giant frogs
  2 gnoll sergeants
  A wyvern skeleton (D:6)
  5 scorpions
  14 killer bees (Lair:2)
  4 wights (D:9)
  2 electric eels (D:9)
  2 howler monkeys (D:9)
  2 crimson imps
  3 centaur zombies
  5 draconian simulacra (IceCv)
  Crazy Yiuf (D:6)
  A giant frog zombie (D:5)
  7 orc priests
  A quasit (D:9)
  4 giant frog skeletons
  8 hounds
  4 jellies
  4 centaur skeletons
  8 iguanas
  30 orc wizards
  8 worker ants
  Natasha (D:2)
  A polar bear simulacrum (IceCv)
  A spriggan simulacrum (IceCv)
  4 troll simulacra (IceCv)
  13 sheep
  A hound zombie (D:10)
  3 hound skeletons
  12 mummies (Ossuary)
  2 worker ant zombies
  A howler monkey skeleton (D:4)
  9 gnolls
  14 adders
  A naga simulacrum (IceCv)
  57 river rats
  A hound simulacrum (D:9)
  A shadow imp (D:9)
  5 white imps
  A worker ant simulacrum (D:9)
  8 ufetubi (IceCv)
  3 oozes
  An adder zombie (D:9)
  An adder skeleton (D:8)
  3 worms
  A dart slug (D:2)
  9 giant geckos
  56 orcs
  A ball python (D:3)
  6 giant cockroaches
  7 goblins
  5 hobgoblins
  7 jackals
  8 quokkas
  7 bats
  A giant gecko skeleton (D:8)
  4 giant newts
  2 gnoll skeletons (Ossuary)
  A goblin skeleton (Ossuary)
  A goblin zombie (D:5)
  A jackal skeleton (D:7)
  9 kobolds
  2 kobold skeletons (Ossuary)
  3 orc skeletons (Ossuary)
  A quokka zombie (D:5)
  22 rats
  11 rat skeletons (Ossuary)
  A bush (Lair:5)
  A plant (Lair:2)
1058 creatures vanquished.

Vanquished Creatures (collateral kills)
  Nikola (Swamp:1)
  Agnes (D:15)
  An orc warlord (Orc:2)
  The ghost of crawlian the Scorcher, a journeyman DEFE of Vehumet (Orc:2)
  Erolcha (Orc:2)
  A ghost crab (Swamp:1)
  A spark wasp (D:14)
  A centaur warrior (D:15)
  An alligator (D:14)
  5 death yaks (Lair:6)
  A deep troll shaman (Lair:6)
  An unseen horror (D:13)
  6 deep elf magi (Orc:1)
  An orc sorcerer (Orc:2)
  A spiny frog (Swamp:1)
  An ice devil (IceCv)
  A queen bee (Lair:2)
  A troll (Orc:2)
  2 giant leeches
  2 slime creatures
  A hydra simulacrum (IceCv)
  A warg (Orc:2)
  5 swamp drakes
  3 orc warriors (Orc:2)
  2 wasps (Swamp:1)
  A phantom (D:15)
  A giant frog (D:15)
  10 killer bees (Lair:2)
  7 orc priests
  7 orc wizards
  A gnoll (D:14)
  A river rat (Lair:4)
  A white imp (IceCv)
  11 orcs
  2 jackals
  2 bushes (Lair:5)
87 creatures vanquished.

Vanquished Creatures (others)
  An alligator (Swamp:3)
  An anaconda (D:14)
  A swamp dragon (Swamp:1)
  A spiny frog (Swamp:1)
  A spriggan (Swamp:1)
  A human (Swamp:3)
  A steam dragon (D:14)
  A hell hound (D:14)
  A swamp worm (D:14)
  2 wasps
  A slave (D:9)
  A swamp drake (Swamp:1)
  A boggart (D:14)
  A howler monkey (D:14)
  An iguana (D:14)
  An ogre simulacrum (IceCv)
  A dart slug (D:14)
  A rat (D:2)
  A fire vortex (D:6)
  5 fungi
  6 plants (Lair:6)
31 creatures vanquished.

Grand Total: 1176 creatures vanquished

Notes
Turn   | Place    | Note
-------+----------+-------------------------------------------
     0 | D:1      | wtf the High Elf Fighter began the quest for the Orb.
     0 | D:1      | Reached XP level 1. HP: 16/16 MP: 2/2
   177 | D:1      | Reached XP level 2. HP: 21/21 MP: 3/3
  1062 | D:2      | Noticed Sigmund
  1073 | D:2      | Killed Sigmund
  1073 | D:2      | Reached skill level 4 in Long Blades
  1073 | D:2      | Reached skill level 1 in Dodging
  1073 | D:2      | Reached XP level 3. HP: 14/26 MP: 4/4
  1073 | D:2      | Reached XP level 4. HP: 18/32 MP: 5/5
  1073 | D:2      | Reached XP level 5. HP: 20/36 MP: 6/6
  1338 | D:2      | Found a sacrificial altar of Ru.
  1412 | D:2      | Found a bloodstained altar of Trog.
  1535 | D:2      | Found a glowing silver altar of Zin.
  1535 | D:2      | Found a glowing golden altar of the Shining One.
  1536 | D:2      | Found a white marble altar of Elyvilon.
  1625 | D:2      | Noticed Natasha
  1634 | D:2      | Killed Natasha
  1755 | D:2      | Found a stormy altar of Qazlal.
  2485 | D:3      | Reached XP level 6. HP: 43/43 MP: 7/7
  3201 | D:4      | Reached skill level 5 in Long Blades
  3615 | D:4      | Found a sparkling altar of Nemelex Xobeh.
  3673 | D:4      | Found a blossoming altar of Fedhas.
  3673 | D:4      | Found a snail-covered altar of Cheibriados.
  3812 | D:4      | Found a staircase to the Ecumenical Temple.
  3826 | Temple   | Entered the Ecumenical Temple
  4107 | D:4      | Became a worshipper of Nemelex Xobeh the Trickster
  4242 | D:5      | Entered Level 5 of the Dungeon
  4242 | D:5      | Received a gift from Nemelex Xobeh
  4296 | D:5      | Reached skill level 6 in Long Blades
  4296 | D:5      | Reached XP level 7. HP: 43/48 MP: 8/8
  4587 | D:5      | Found a burning altar of Makhleb.
  4746 | D:5      | Found a sand-covered staircase.
  4776 | Ossuary  | Entered an ossuary
  5609 | Ossuary  | Reached skill level 7 in Long Blades
  5722 | D:5      | Reached XP level 8. HP: 41/54 MP: 9/9
  6526 | D:5      | Noticed Blork the orc
  6538 | D:5      | Killed Blork the orc
  6643 | D:5      | Noticed Eustachio
  6686 | D:5      | Killed Eustachio
  6686 | D:5      | Reached skill level 8 in Long Blades
  6686 | D:5      | Reached skill level 5 in Armour
  7387 | D:6      | Reached skill level 5 in Dodging
  7400 | D:6      | Reached skill level 9 in Long Blades
  7400 | D:6      | Reached XP level 9. HP: 60/60 MP: 10/10
  7416 | D:6      | Reached skill level 5 in Fighting
  7863 | D:6      | Found a runed door.
  7964 | D:6      | Reached * piety under Nemelex Xobeh
  8052 | D:6      | Got a fine mace
  8053 | D:6      | Identified the +9 mace "Heca" {holy, rElec rC+ Stlth+} (You found it on level 6 of the Dungeon)
  8057 | D:6      | Noticed Crazy Yiuf
  8066 | D:6      | Killed Crazy Yiuf
  8145 | D:6      | Reached skill level 5 in Shields
  8324 | D:6      | Reached skill level 1 in Maces & Flails
  8460 | D:6      | Found Uvan's Gadget Shop.
  8692 | D:7      | Received a gift from Nemelex Xobeh
  8975 | D:7      | Noticed Joseph
  9003 | D:7      | Killed Joseph
  9514 | D:7      | Reached ** piety under Nemelex Xobeh
  9563 | D:7      | Noticed Prince Ribbit
  9575 | D:7      | Killed Prince Ribbit
  9777 | D:7      | Received a gift from Nemelex Xobeh
  9976 | D:8      | Found Nybos's Weapon Emporium.
  9976 | D:8      | Noticed Ajdolov's ghost (novice MiMo)
 10464 | D:8      | Killed Ajdolov's ghost
 10464 | D:8      | Reached XP level 10. HP: 29/68 MP: 11/11
 10679 | D:8      | Bought a +1 falchion of electrocution for 174 gold pieces
 11103 | D:8      | Identified a scroll of acquirement
 12032 | D:9      | Reached skill level 10 in Long Blades
 12541 | D:9      | Found Unekoul's Weapon Boutique.
 12565 | D:9      | Noticed Pikel
 12598 | D:9      | Killed Pikel
 13129 | D:9      | Reached *** piety under Nemelex Xobeh
 13274 | D:9      | Reached XP level 11. HP: 57/73 MP: 12/12
 13385 | D:9      | Gained mutation: You have a beak for a mouth. [mutagenic meat]
 13388 | D:9      | Gained mutation: You are partially covered in rough black scales. (AC +4, Dex -1) [mutagenic meat]
 13391 | D:9      | Gained mutation: Your flesh is cold resistant. (rC+) [mutagenic meat]
 13419 | D:10     | Entered Level 10 of the Dungeon
 13419 | D:10     | Received a gift from Nemelex Xobeh
 13486 | D:10     | Noticed a hill giant
 13492 | D:10     | Killed a hill giant
 13526 | D:10     | Noticed a hill giant
 13534 | D:10     | Killed a hill giant
 13613 | D:10     | Found a portal to a secret trove of treasure.
 13626 | D:10     | Noticed an unseen horror
 13635 | D:10     | Killed an unseen horror
 13731 | D:10     | Reached skill level 11 in Long Blades
 13832 | D:10     | Got a steaming chain mail
 13843 | D:10     | Identified the +8 chain mail of Lyocs {rF+ Str+6 Dex-4 Slay+3} (You found it on level 10 of the Dungeon)
 13946 | D:10     | Found a staircase to the Orcish Mines.
 14199 | D:11     | Found Hufism's Magic Scroll Shop.
 14211 | D:11     | Bought a scroll of teleportation for 54 gold pieces
 14211 | D:11     | Bought a scroll of identify for 36 gold pieces
 14211 | D:11     | Bought a scroll of identify for 36 gold pieces
 14211 | D:11     | Bought a scroll of identify for 36 gold pieces
 14363 | D:11     | Found a staircase to the Lair.
 14509 | D:11     | Received a gift from Nemelex Xobeh
 14535 | D:11     | Found a basalt altar of Yredelemnul.
 14611 | D:11     | Noticed Grum
 14621 | D:11     | Killed Grum
 14992 | D:11     | Got a translucent whip
 15042 | Orc:1    | Entered Level 1 of the Orcish Mines
 15046 | Orc:1    | Noticed an orc sorcerer
 15055 | Orc:1    | Paralysed by an orc sorcerer for 6 turns
 15063 | Orc:1    | Killed an orc sorcerer
 15075 | Orc:1    | Reached **** piety under Nemelex Xobeh
 15091 | Orc:1    | Noticed a deep elf mage
 15091 | Orc:1    | Noticed Urug
 15092 | Orc:1    | Noticed a deep elf mage
 15093 | Orc:1    | Noticed a deep elf mage
 15095 | Orc:1    | Noticed a deep elf mage
 15103 | Orc:1    | Noticed a deep elf mage
 15104 | Orc:1    | Killed a deep elf mage
 15106 | Orc:1    | Noticed a deep elf mage
 15108 | Orc:1    | Killed Urug
 15108 | Orc:1    | Reached skill level 12 in Long Blades
 15109 | Orc:1    | Killed a deep elf mage
 15110 | Orc:1    | Killed a deep elf mage
 15112 | Orc:1    | Noticed a deep elf mage
 15112 | Orc:1    | Killed a deep elf mage
 15114 | Orc:1    | Noticed a deep elf mage
 15114 | Orc:1    | Killed a deep elf mage
 15123 | Orc:1    | Killed a deep elf mage
 15125 | Orc:1    | Noticed a deep elf mage
 15126 | Orc:1    | Killed a deep elf mage
 15132 | Orc:1    | Killed a deep elf mage
 15141 | Orc:1    | Killed a deep elf mage
 15141 | Orc:1    | Reached XP level 12. HP: 71/81 MP: 13/13
 15183 | Orc:1    | Received a gift from Nemelex Xobeh
 15209 | Orc:1    | Noticed Fannar
 15227 | Orc:1    | Killed Fannar
 15227 | Orc:1    | Reached skill level 13 in Long Blades
 15870 | Lair:1   | Entered Level 1 of the Lair of Beasts
 15931 | Lair:1   | Received a gift from Nemelex Xobeh
 16026 | Lair:1   | Identified the +6 whip of a Hundred Deaths {elec, Str+7} (You found it on level 11 of the Dungeon)
 16334 | Lair:1   | Received a gift from Nemelex Xobeh
 16410 | Lair:1   | Reached skill level 10 in Dodging
 16606 | Lair:1   | Reached ***** piety under Nemelex Xobeh
 16913 | Lair:1   | Reached skill level 14 in Long Blades
 17005 | Lair:2   | Received a gift from Nemelex Xobeh
 17066 | Lair:2   | Noticed Nergalle
 17072 | Lair:2   | Killed Nergalle
 17521 | Lair:2   | Received a gift from Nemelex Xobeh
 18049 | Lair:3   | Reached XP level 13. HP: 88/88 MP: 14/14
 18058 | Lair:3   | Found a staircase to the Snake Pit.
 18204 | Lair:3   | Received a gift from Nemelex Xobeh
 18428 | Lair:3   | Received a gift from Nemelex Xobeh
 18743 | Lair:4   | Reached skill level 15 in Long Blades
 18798 | Lair:4   | Noticed Rupert
 18799 | Lair:4   | Paralysed by Rupert for 2 turns
 18805 | Lair:4   | Paralysed by Rupert for 5 turns
 18825 | Lair:4   | Killed Rupert
 18988 | Lair:4   | Found a staircase to the Swamp.
 19266 | Lair:4   | Received a gift from Nemelex Xobeh
 20161 | Lair:5   | Learned a level 2 spell: Blink
 20381 | Lair:5   | Received a gift from Nemelex Xobeh
 20538 | Lair:6   | Entered Level 6 of the Lair of Beasts
 20549 | Lair:6   | Reached ****** piety under Nemelex Xobeh
 20658 | Lair:6   | Reached skill level 10 in Shields
 21145 | Lair:6   | Received a gift from Nemelex Xobeh
 21235 | Lair:3   | Reached skill level 16 in Long Blades
 21402 | Orc:2    | Entered Level 2 of the Orcish Mines
 21598 | Orc:2    | Noticed an orc warlord
 21619 | Orc:2    | Killed an orc warlord
 21619 | Orc:2    | Reached skill level 1 in Invocations
 21640 | Orc:2    | Found a staircase to the Elven Halls.
 21900 | Orc:2    | Found a shimmering altar of Xom.
 21995 | Orc:2    | Received a gift from Nemelex Xobeh
 22001 | Orc:2    | Noticed crawlian's ghost (journeyman DEFE)
 22019 | Orc:2    | Killed crawlian's ghost
 22202 | Orc:2    | Reached XP level 14. HP: 33/97 MP: 16/16
 22413 | Orc:2    | Found Hutuy's Gadget Emporium.
 22442 | Orc:2    | Found an ancient bone altar of Kikubaaqudgha.
 22460 | Orc:2    | Found Itruucasm's Antique Armour Emporium.
 22476 | Orc:2    | Noticed Erolcha
 22481 | Orc:2    | Found Niutz's Book Emporium.
 22481 | Orc:2    | Found a roughly hewn altar of Beogh.
 22497 | Orc:2    | Killed Erolcha
 22525 | Orc:2    | Found a radiant altar of Vehumet.
 22777 | Orc:2    | Found Epaetsak's Magic Scroll Shoppe.
 22789 | Orc:2    | Bought a scroll of enchant armour for 127 gold pieces
 22950 | Orc:2    | Bought the cursed +6 large shield of Ignorance {rN+ AC+4 Int-6 *Curse} for 1500 gold pieces
 23255 | D:12     | Received a gift from Nemelex Xobeh
 23422 | D:12     | Found a white marble altar of Elyvilon.
 24003 | D:13     | Reached skill level 17 in Long Blades
 24146 | D:13     | Found a gate to the Vaults.
 24146 | D:13     | Noticed a tengu reaver
 24171 | D:13     | Killed a tengu reaver
 24481 | D:13     | Received a gift from Nemelex Xobeh
 25197 | D:14     | Reached skill level 10 in Fighting
 25216 | D:14     | Reached skill level 18 in Long Blades
 25226 | D:14     | Reached skill level 5 in Invocations
 25354 | D:14     | Received a gift from Nemelex Xobeh
 25570 | D:15     | Entered Level 15 of the Dungeon
 25603 | D:15     | Noticed Agnes
 25614 | D:15     | Reached XP level 15. HP: 26/103 MP: 19/19
 25620 | D:15     | Killed Agnes
 25974 | D:15     | Found a staircase to the Depths.
 26048 | D:15     | Found Tihyfaunt's Magic Scroll Shop.
 26071 | D:15     | Bought a scroll of enchant weapon for 120 gold pieces
 26071 | D:15     | Bought 2 scrolls of enchant weapon for 240 gold pieces
 26079 | D:15     | Received a gift from Nemelex Xobeh
 26361 | D:15     | Got a sapphire-encrusted scale mail
 26362 | D:15     | Identified the +6 scale mail "Yqoup" {Regen+} (You acquired it on level 15 of the Dungeon)
 26573 | D:15     | Received a gift from Nemelex Xobeh
 26985 | Lair:6   | Received a gift from Nemelex Xobeh
 27157 | Lair:6   | Reached skill level 10 in Armour
 27340 | Lair:6   | Got a warped robe
 27341 | Lair:6   | Identified the +1 robe of the Tarantula {Int+3} (You found it on level 6 of the Lair of Beasts)
 27562 | Lair:6   | Found a viscous altar of Jiyva.
 27562 | Lair:6   | Found a staircase to the Slime Pits.
 27947 | Snake:1  | Entered Level 1 of the Snake Pit
 28009 | Swamp:1  | Entered Level 1 of the Swamp
 28009 | Swamp:1  | Received a gift from Nemelex Xobeh
 28011 | Swamp:1  | Noticed Nikola
 28054 | Swamp:1  | Killed Nikola
 28160 | Swamp:1  | Reached skill level 19 in Long Blades
 28288 | Swamp:1  | Upgraded the game from 0.19-a0-1021-g80cc50c to 0.19-a0-1025-g778f431
 28321 | Swamp:1  | Found a frozen archway.
 28331 | IceCv    | Entered an ice cave
 28585 | IceCv    | Reached skill level 1 in Evocations
 28809 | IceCv    | Noticed an Ice Fiend
 28818 | IceCv    | Killed an Ice Fiend
 28843 | IceCv    | Received a gift from Nemelex Xobeh
 28847 | IceCv    | Got a slimy hat
 28862 | IceCv    | Identified the +3 hat of Devotion {Str+2} (You found it in an ice cave)
 28874 | IceCv    | Got a pair of warped boots
 28885 | IceCv    | Identified the +1 pair of boots of the Alphagorgon {+Inv MR+ Dex+2} (You found it in an ice cave)
 29494 | Swamp:1  | Found a shimmering altar of Xom.
 29840 | Swamp:2  | Noticed Frances
 29856 | Swamp:2  | Killed Frances
 29923 | Swamp:2  | Reached XP level 16. HP: 94/112 MP: 21/21
 30027 | Swamp:2  | Noticed Aizul
 30034 | Swamp:2  | Noticed Aizul
 30034 | Swamp:2  | Aizul changed into Aizul the storm dragon
 30046 | Swamp:2  | Killed Aizul the storm dragon
 30114 | Swamp:2  | Received a gift from Nemelex Xobeh
 30744 | Swamp:2  | Reached XP level 17. HP: 117/117 MP: 22/22
 30964 | Swamp:3  | Noticed Kirke
 30983 | Swamp:3  | Killed Kirke
 31225 | Swamp:3  | Reached skill level 20 in Long Blades
 31685 | Swamp:3  | Got a steaming bardiche
 31687 | Swamp:3  | Identified the +5 bardiche of Hard Scrabble {chop, rC- Dex+7} (You found it on level 3 of the Swamp)
 31693 | Swamp:3  | Received a gift from Nemelex Xobeh
 32086 | Swamp:4  | Entered Level 4 of the Swamp
 32111 | Swamp:4  | Reached skill level 5 in Evocations
 32261 | Swamp:3  | HP: 5/117 [spectral giant leech[a ghost crab] (15)]
 32261 | Swamp:3  | HP: 2/117 [spectral giant leech[a ghost crab] (3)]
 33564 | Snake:1  | Received a gift from Nemelex Xobeh
 33992 | Snake:1  | Got a faintly glowing chain mail
 33993 | Snake:1  | Identified the +5 chain mail of the Unseen Realm {rN++ Str+2} (You found it on level 1 of the Snake Pit)
 34307 | Snake:2  | Received a gift from Nemelex Xobeh
 34958 | Snake:2  | Received a gift from Nemelex Xobeh
 35702 | Snake:3  | Received a gift from Nemelex Xobeh
 35723 | Snake:3  | Noticed Mara
 35735 | Snake:3  | Noticed wtf's illusion
 35741 | Snake:3  | Noticed Mara
 35741 | Snake:3  | Mara changed into Mara the hellephant
 35741 | Snake:3  | wtf's illusion changed into wtf the iron troll
 35746 | Snake:3  | Killed Mara the hellephant
 35823 | Snake:3  | Reached XP level 18. HP: 90/126 MP: 25/25
 36020 | Snake:3  | Received a gift from Nemelex Xobeh
 36075 | Snake:3  | Noticed Vashnia
 36102 | Snake:3  | Noticed Vashnia
 36102 | Snake:3  | Vashnia changed into Vashnia the fire giant
 36106 | Snake:3  | Paralysed by a giant eyeball for 2 turns
 36122 | Snake:3  | Killed Vashnia the fire giant
 36537 | Snake:3  | Received a gift from Nemelex Xobeh
 36688 | Snake:4  | Entered Level 4 of the Snake Pit
 36698 | Snake:4  | Reached skill level 21 in Long Blades
 37228 | Snake:4  | Killed from afar by a greater naga

Vault maps used:
D:1:      grunt_arrival_lava_bath
D:2:      good_gods_temple_1, nicolae_overflow_crystal_walls,
          old_standard_altar, grunt_qazlal_clouds, uniq_natasha, uniq_sigmund
D:3:      serial_glass, glass_columns_a, glass_columns_c, glass_columns_b,
          glass_columns_a, glass_columns_a, glass_columns_a, glass_columns_c,
          glass_columns_c
D:4:      lemuel_upstairs_altar, nemelex_altar_shiori,
          gammafunk_temple_overflow_elements, minmay_rat_hole
D:5:      enter_ossuary_4, first_bread, makhleb_heckhound_becter,
          uniq_blork_the_orc, uniq_eustachio
D:6:      serial_shops, kennysheep_little_box, kennysheep_minor_cross,
          uniq_crazy_yiuf_cottage
D:7:      uniq_prince_ribbit1, uniq_joseph
D:8:      serial_shops, shop, grunt_livestock, minivault_27
D:9:      wad_arrow_thing, serial_shops, shop, serial_ice, serial_ice_i,
          serial_ice_g, serial_ice_a, serial_ice_n, uniq_pikel
D:10:     orc_0_dummy, enter_trove_2
D:11:     erik_lair_dragon, serial_shops, shop_scrolls, lemuel_hellish_altar,
          uniq_grum
D:12:     solitary_fountain, elyvilon_altar_1
D:13:     david_vaults_3
D:14:     minivault_11
D:15:     grunt_enter_depths_hoard, dk_noncrumbling_2, serial_shops,
          nicolae_shop_window_shopping, minmay_misc_feat_five,
          amethyst_killhole, uniq_agnes
Temple:   nicolae_temple_figure_eight
Lair:2:   serial_bayou_lagoon_a, grunt_forest_large_clearings, uniq_nergalle
Lair:3:   minmay_snake_entry_guardpost_small, grunt_megastairs_1,
          serial_bayou_shore_b
Lair:4:   swamp_mist, st_stairs_3, bobbens_ice_dragon_lair, uniq_rupert
Lair:5:   minmay_lair_oklob_bushes, grunt_megastairs_2
Lair:6:   grunt_lair_end_beastmaster, dpeg_slime_entry_enclosed_altar,
          serial_bayou_shore_b, grunt_megastairs_3
Swamp:1:  portal_ice_cave_entry_pillars_1, nicolae_swamp_godswood, uniq_nikola
Swamp:2:  nicolae_swamp_stair_fork, uniq_frances, uniq_aizul
Swamp:3:  nicolae_swamp_feature_on_the_river_bank, uniq_kirke
Swamp:4:  swamp_old_school, uniq_jorgrun
Snake:2:  lemuel_fruit_tree
Snake:3:  uniq_mara, uniq_vashnia
Snake:4:  snake_pit_salamanders_mu
Orc:1:    basic_altar, elves_outpost_lemuel, uniq_urug, uniq_fannar
Orc:2:    kennysheep_orc_mage_school, basic_altar
Ossuary:  ossuary_due_small_catacomb
IceCv:    ice_cave_caverns_01

Skill      XL: |  1  2  3  4  5  6  7  8  9 10 11 12 13 14 15 16 17 18 |
---------------+-------------------------------------------------------+-----
Armour         | 3 4 5 6 7 8 9 10 | 10.9
Shields        | 3 4 5 7 8 9 10 11 12 13 | 13.2
Long Blades    | 4 6 7 9 10 12 14 16 18 19 20 21 | 21.3
Dodging        | 1 2 3 5 6 8 9 10 11 12 | 12.4
Fighting       | 4 5 6 7 8 9 10 11 12 | 12.0
Maces & Flails | 3 |  3.7
Invocations    | 2 5 6 8 9 |  9.0
Evocations     | 2 3 5 |  5.3

Action                   |  1- 3 |  4- 6 |  7- 9 | 10-12 | 13-15 | 16-18 || total
-------------------------+-------+-------+-------+-------+-------+-------++-------
Melee: Long sword        |    75 |   276 |   448 |       |       |       ||   799
       Mace              |       |       |   177 |    79 |       |       ||   256
       Falchion          |       |       |       |   920 |   638 |       ||  1558
       Peck              |       |       |       |   132 |   497 |   355 ||   984
       Scimitar          |       |       |       |       |  1037 |  1076 ||  2113
 Abil: Evoke Invisibilit |       |       |       |       |       |     1 ||     1
Evoke: Deck              |       |       |     8 |     5 |    47 |    15 ||    75
       Wand              |       |       |     2 |     3 |     5 |       ||    10
       Lamp of fire      |       |       |       |     2 |     3 |     1 ||     6
       Fan of gales      |       |       |       |     1 |       |       ||     1
  Use: Potion            |     1 |       |     6 |     2 |    10 |     6 ||    25
       Scroll            |       |     9 |     2 |    21 |    28 |    10 ||    70
 Stab: Confused          |       |       |     3 |       |       |       ||     3
       Sleeping          |       |       |     1 |       |       |       ||     1
       Paralysed         |       |       |       |     2 |       |       ||     2
       Invisible         |       |       |       |     5 |     3 |       ||     8
       Distracted        |       |       |       |       |     5 |     4 ||     9
  Eat: Chunk             |       |     6 |     8 |    17 |     2 |     2 ||    35
       Bread ration      |       |     1 |     1 |       |       |     1 ||     3
       Beef jerky        |       |       |     1 |     2 |     4 |     3 ||    10
       Meat ration       |       |       |     1 |     1 |     5 |     2 ||     9
       Pizza             |       |       |     1 |     2 |     8 |     1 ||    12
       Royal jelly       |       |       |       |     1 |       |     1 ||     2
       Fruit             |       |       |       |       |       |     1 ||     1
Armor: Scale mail        |    24 |    60 |    51 |       |       |       ||   135
       Ring mail         |       |    12 |    55 |    91 |       |       ||   158
       Chain mail        |       |       |    55 |   168 |   511 |   345 ||  1079
       Skin              |       |       |    20 |       |       |       ||    20
       Plate armour      |       |       |    30 |       |       |       ||    30
       Leather armour    |       |       |     1 |       |       |       ||     1
Dodge: Dodged            |    20 |    87 |   264 |   366 |   430 |   289 ||  1456
Block: Shield            |    28 |   124 |   272 |   439 |   266 |       ||  1129
       Large shield      |       |       |       |       |   830 |  1158 ||  1988
       Buckler           |       |       |       |       |    45 |       ||    45
